 Dungeon Crawl Stone Soup version 0.29.1-13-g9f3cf754e1 (webtiles) character file.

Game seed: 1472919704965136699

58 croobank the Sneak (level 4, -2/31 HPs)
             Began as an Octopode Delver on Feb 8, 2023.
             Splashed by a jelly's acid (6 damage)
             ... on level 3 of the Dungeon.
             The game lasted 00:05:14 (1426 turns).

croobank the Sneak (Octopode Delver)                Turns: 1426, Time: 00:05:14

Health: -2/31      AC: -7    Str: 11    XL:     4   Next: 1%
Magic:  5/5        EV: 13    Int: 14    God:
Gold:   89         SH:  0    Dex: 13    Spells: 4/5 levels left

rFire   . . .      SeeInvis .   l - +0 quarterstaff
rCold   . . .      Faith    .   (shield currently unavailable)
rNeg    . . .      Spirit   .   (helmet restricted)
rPois   .          Reflect  .   (no amulet)
rElec   .          Harm     .   (no ring)
rCorr   .          Rampage  .   (no ring)
Will    .....                   (no ring)
Stlth   ++++......              (no ring)
HPRegen 0.10/turn               (no ring)
MPRegen 0.09/turn               (no ring)
                                (no ring)
                                (no ring)

@: corroded
A: almost no armour, amphibious, 8 rings, camouflage 1, gelatinous body 1,
(nimble swimmer 1), tentacles
a: no special abilities


You were on level 3 of the Dungeon.
You visited 2 branches of the dungeon, and saw 5 of its levels.

You collected 89 gold pieces.

Inventory:

Hand Weapons
 a - a +0 hand axe
 c - a +0 long sword
 l - a +0 quarterstaff (weapon)
 m - a +3 dagger
Wands
 f - a wand of digging (2)
Scrolls
 b - a scroll of fog
 d - a scroll of fear
 h - a scroll of summoning {unknown}
 j - a scroll of acquirement {unknown}
 k - a scroll of teleportation {unknown}
Potions
 e - a potion of haste
 g - a potion of lignification {unknown}
 i - a potion of resistance {unknown}
 n - a potion of brilliance {unknown}
 o - a potion of curing {unknown}
 p - a potion of flight {unknown}


   Skills:
 + Level 3.3 Fighting
 + Level 2.4 Axes
 + Level 2.3 Dodging
 + Level 6.9 Stealth
 + Level 1.1 Spellcasting
 + Level 1.1 Translocations


You had 4 spell levels left.
You knew the following spells:

 Your Spells              Type           Power      Damage    Failure   Level
a - Apportation           Tloc           8%         N/A       16%         1

Your spell library contained the following spells:

 Spells                   Type           Power      Damage    Failure   Level
 Alistair's Intoxication  Tmut/Pois      0%         N/A       100%        5


Dungeon Overview and Level Annotations

Branches:
Dungeon (6/15)             Temple (1/1) D:4

Altars:
Cheibriados
Dithmenos
Elyvilon
Fedhas
Gozag
Kikubaaqudgha
Nemelex Xobeh
Okawaru
Qazlal
Ru
Trog
Uskayaw
Vehumet
Wu Jian
Xom
Zin
The Shining One

Annotations:
D:3 Natasha
D:5 Eustachio


Innate Abilities, Weirdness & Mutations

You cannot wear most types of armour.
You are amphibious.
You can wear up to eight rings at the same time.
Your skin changes colour to match your surroundings (Stealth+).
Your rubbery body absorbs attacks. (AC +1, EV +1)
((You are camouflaged when in or above water. (Stealth+)))
You have tentacles for arms and can constrict up to eight enemies at once.


Message History

Found a black potion.
Found a chain mail.
p - a black potion A ball python comes into view.
Found a white potion.
Found a stone staircase leading down.
Found 14 gold pieces.
A jelly comes into view.
A frilled lizard comes into view.
The helpless ball python fails to defend itself.
You hit the ball python.
You kill the ball python!
You have reached level 4!
The frilled lizard hisses angrily.
You see here 14 gold pieces.
You now have 89 gold pieces (gained 14).
A frilled lizard comes into view.
The frilled lizard bites you.
You miss the frilled lizard.
The jelly quivers.
Your grab misses the frilled lizard. The frilled lizard barely misses you.
You sock the frilled lizard!
You kill the frilled lizard!
The jelly hits you. The acid corrodes you!
You are splashed with acid!
You hit the jelly.
Your tentacles burn!
The jelly is lightly wounded.
The jelly closely misses you. x2
You hit the jelly.
Your tentacles burn!
* * * LOW HITPOINT WARNING * * *
You squeeze the jelly, but do no damage.
The jelly is heavily wounded.
The jelly completely misses you.
You hit the jelly.
Your tentacles burn!
* * * LOW HITPOINT WARNING * * *
You squeeze the jelly.
The jelly is severely wounded.
The jelly hits you.
* * * LOW HITPOINT WARNING * * *
The acid corrodes you!
You are splashed with acid.
You die...

............. .........
..##.....#.####.#........
#.....<...[#≈##..........
#.##.......#≈##.!.......
..#........#≈≈#.†......
..#.......#~≈≈...#...#
..#.......#.≈≈~#.#...#####
..#.#.#.....~~..J#.......##
..#.......~.~≈..@..........
..#.##......~~...#...###.##
..#. #......~≈.~.....# ..#.
#...#..~~.......#
............~~...##..#
..#.#..#.#.~~~...##..#
............≈~........
#.#..> . ...~~~.......#
.... .~~~~ .....#


You could see a jelly.

Vanquished Creatures
  A hound (D:4)
  An adder (D:6)
  A dart slug (D:5)
  6 orcs (D:4)
  A ball python (D:3)
  A hobgoblin (D:3)
  A quokka (D:3)
  A frilled lizard (D:3)
  A kobold (D:4)
14 creatures vanquished.

Notes
Turn   | Place    | Note
-------+----------+-------------------------------------------
     0 | D:5      | croobank the Octopode Delver began the quest for the Orb.
     0 | D:5      | Reached XP level 1. HP: 16/16 MP: 1/1
     3 | D:5      | Noticed a scorpion
   100 | D:5      | Noticed Eustachio
   280 | D:6      | Reached XP level 2. HP: 10/21 MP: 2/2
   475 | D:6      | Learned a level 1 spell: Apportation
   681 | D:4      | Found a staircase to the Ecumenical Temple.
   693 | Temple   | Entered the Ecumenical Temple
   927 | D:4      | Reached XP level 3. HP: 26/26 MP: 2/4
   974 | D:4      | Reached skill level 1 in Spellcasting
   974 | D:4      | Reached skill level 1 in Translocations
  1368 | D:3      | Noticed Natasha
  1410 | D:3      | Reached XP level 4. HP: 31/31 MP: 5/5
  1426 | D:3      | Splashed by a jelly's acid

Illustrated notes

Levels and vault maps discovered:
D:3:      layout_basic, shapermc_ecumenical_altar_notcrosses,
          chequers_serial_rivers_small_3, uniq_natasha
D:4:      layout_loops_ring, nicolae_sif_muna_little_library,
          minmay_temple_entry_drinking_statues, uniq_grinder,
          uniq_blork_the_orc, uniq_robin
D:5:      cheibrodos_iron_armory, layout_cave_pods, uniq_eustachio
D:6:      layout_loops_corners, amcnicky_altar_gilded
Temple:   sentei_temple_godly_chess

Skill      XL: |  1  2  3 |
---------------+----------+-----
Spellcasting   | 1 |  1.1
Translocations | 1 |  1.1
Fighting       | |  3.3
Axes           | |  2.4
Dodging        | |  2.3
Stealth        | |  6.9

Action                   |  1- 3 |  4- 6 || total
-------------------------+-------+-------++-------
Melee: Hand axe          |     5 |       ||     5
       Tentacles         |     5 |     2 ||     7
       Constrict         |     7 |       ||     7
       Quarterstaff      |    21 |     5 ||    26
Evoke: Wand              |     1 |       ||     1
  Use: Scroll            |     1 |       ||     1
 Stab: Sleeping          |     5 |       ||     5
Armor: Skin              |     2 |       ||     2
Dodge: Dodged            |    16 |     4 ||    20
